 Dungeon Sprint DCSS version 0.30.1-9-gdf580d7c3d (webtiles) character file.

Game seed: 2388330910886848790

96 Heoruswealwe the Poker (level 4, -1/45 HPs)
             Began as a Minotaur Fighter on Sept 25, 2023.
             Succumbed to an orc wizard's poison
             ... in the Dungeon (Sprint IX: "|||||||||||||||||||||||||||||").
             The game lasted 00:01:27 (86 turns).

Heoruswealwe the Poker (Minotaur Fighter)             Turns: 86, Time: 00:01:27

Health: -1/45      AC:  7    Str: 22    XL:     4   Next: 41%
Magic:  3/3        EV:  9    Int:  5    God:
Gold:   0          SH:  4    Dex: 10    Spells: 3/3 levels left

rFire   . . .        a - +0 trident
rCold   . . .        d - +0 buckler
rNeg    . . .        c - +0 scale mail
rPois   .            (helmet restricted)
rElec   .            (no cloak)
rCorr   .            (no gloves)
SInv    .            (no boots)
Will    .....        (no amulet) Stlth
                     (no ring)
HPRegen 0.27/turn    (no ring)
MPRegen 0.08/turn

%: no teleportation
@: lethally poisoned (-1 -> -22)
A: horns 2, retaliatory headbutt
a: no special abilities


You were in the Dungeon.
You visited 1 branch

Inventory:

Hand Weapons
 a - a +0 trident (weapon)
Armour
 c - a +0 scale mail (worn)
 d - a +0 buckler (worn)
Scrolls
 j - a scroll of blinking
Potions
 b - a potion of might
 g - a potion of haste
 i - a potion of berserk rage


   Skills:
 + Level 6.3 Fighting
 * Level 7.8 Polearms
 + Level 6.3 Armour
 - Level 3.6 Shields


You had 3 spell levels left.
You didn't know any spells.
Your spell library was empty.

Dungeon Overview and Level Annotations

Branches:
Dungeon (1/1)

Altars:


Innate Abilities, Weirdness & Mutations

You have a pair of horns on your head.
You reflexively headbutt those who attack you in melee.


Message History

You are more poisoned.
You miss something. Your headbutt misses something.
You feel very sick. Something hits you.
You miss something.
You feel very sick.
You hear some strange, mumbled words.
Something tries to affect you, but you resist.
You miss something.
You feel very sick. Something hits you.
You are more poisoned.
You feel better. Something hits you.
You are poisoned.
You closely miss something.
You feel sick. Something hits you but does no damage.
You are more poisoned.
You miss something.
You feel very sick. Something hits you but does no damage.
You hit something.
You feel sick. Something hits you.
You are more poisoned.
You closely miss something.
You feel very sick. Something hits you.
You are lethally poisoned!
You hit something. Your headbutt misses something.
* * * LOW HITPOINT WARNING * * *
You feel very sick. Something hits you.
* * * LOW HITPOINT WARNING * * *
You are more poisoned.
You miss something. You headbutt something!
* * * LOW HITPOINT WARNING * * *
You feel very sick. Something completely misses you.
You hit something.
Reactivating autopickup.
You feel a bit more experienced.
You die...

▓.▓
▓!▓
▓.▓
▓'▓
▓)▓
▓)▓
▓.▓
▓.▓
▓@▓
▓)▓
▓s▓
▓l▓
▓o▓
▓.▓
▓.▓
▓+▓


You could see a scorpion, an iguana and an orc.

Vanquished Creatures
  A black bear (D)
  An orc wizard (D)
  An endoplasm (D)
  2 kobolds (D)
  A ball python (D)
  A frilled lizard (D)
7 creatures vanquished.

Notes
Turn   | Place    | Note
-------+----------+-------------------------------------------
     0 | D        | Heoruswealwe the Minotaur Fighter began the quest for the
                  | Orb.
     0 | D        | Reached XP level 1. HP: 19/19 MP: 0/0
     7 | D        | Reached skill level 3 in Polearms
    60 | D        | Noticed a black bear
    60 | D        | Noticed an orc wizard
    60 | D        | Noticed a scorpion
    60 | D        | Noticed an iguana
    73 | D        | Killed a black bear
    74 | D        | Reached skill level 7 in Polearms
    74 | D        | Reached XP level 2. HP: 27/31 MP: 1/1
    74 | D        | Reached XP level 3. HP: 33/38 MP: 2/2
    74 | D        | Reached XP level 4. HP: 39/45 MP: 3/3
    86 | D        | Succumbed to an orc wizard's poison

Illustrated notes

Levels and vault maps discovered:
D:        linesprint [early_d, line_temple, items_1, d_10, items_2, lair_1,
          lair_end, items_3, orc_1, orc_end, items_4, d_15, swamp_1, shoals_1,
          snake_1, spider_1, d_20, vaults_1, items_5, swamp_end, shoals_end,
          snake_end, spider_end, vaults_end, d_27, items_6, zot_1, zot_end,
          crypt_end, forest_end, elf_end, slime_end, tomb_end, abyss_end,
          pan_hell_end]

Skill      XL: |  1 |
---------------+----+-----
Polearms       | 7 |  7.8
Fighting       | 6 |  6.3
Armour         | 6 |  6.3
Shields        | |  3.6

Action                     |  1- 3 |  4- 6 || total
---------------------------+-------+-------++-------
  Melee: Trident           |    18 |    12 ||    30
         Headbutt          |     3 |     1 ||     4
    Use: Potion            |     1 |     1 ||     2
 Armour: Scale mail        |    16 |     3 ||    19
  Dodge: Dodged            |    13 |     1 ||    14
  Block: Buckler           |     4 |       ||     4
